 Dungeon Crawl Stone Soup version 0.21.1-1-g345015f (webtiles) character file.

37 Limpidissima the Firebug (level 3, 19/19 HPs)
             Began as a Gargoyle Fire Elementalist on July 18, 2018.
             Quit the game on level 2 of the Dungeon on July 19, 2018.
             The game lasted 00:06:34 (968 turns).

Limpidissima the Firebug (GrFE)                      Turns: 968, Time: 00:06:35

Health: 19/19      AC:  5    Str: 11    XL:     3   Next: 41%
Magic:  6/6        EV: 12    Int: 16    God:
Gold:   44         SH:  0    Dex: 10    Spells: 6/7 levels left

rFire    . . .     SeeInvis .   d - +0 hand axe
rCold    + . .     Gourm    .   (no shield)
rNeg     + . .     Faith    .   a - +0 robe
rPois    ∞         Spirit   .   (no helmet)
rElec    +         Reflect  .   (no cloak)
rCorr    .         Harm     .   (no gloves)
MR       .....                  (no boots)
Stlth    ++........             k - amulet of regeneration
HPRegen  0.46/turn              j - ring of protection from cold
MPRegen  0.10/turn              (no ring)

@: no status effects
A: negative energy resistance 1, electricity resistance, unbreathing,
petrification resistance, rot immunity, AC +3
a: no special abilities


You were on level 2 of the Dungeon.
You were hungry.

You visited 1 branch of the dungeon, and saw 2 of its levels.

You collected 44 gold pieces.

Inventory:

Hand Weapons
 d - a +0 hand axe (weapon)
Armour
 a - a +0 robe (worn)
 i - a +0 pair of boots
Jewellery
 j - a ring of protection from cold (left hand)
 k - an amulet of regeneration (around neck)
Wands
 p - a wand of acid (14)
Scrolls
 e - a scroll of remove curse {unknown}
 g - 4 scrolls of identify {unknown}
 n - a scroll of teleportation {unknown}
Potions
 f - a potion of flight {unknown}
 h - a potion of ambrosia {unknown}
 l - a potion of haste {unknown}
 m - a potion of curing {unknown}
 o - a potion of berserk rage {unknown}
Books
 b - a book of Flames

   Spells                             Type                      Level
   a - Flame Tongue                   Conjuration/Fire             1
   b - Throw Flame                    Conjuration/Fire             2
   c - Conjure Flame                  Conjuration/Fire             3
   d - Inner Flame                    Hexes/Fire                   3
   e - Sticky Flame                   Conjuration/Fire             4
   f - Fireball                       Conjuration/Fire             5
Comestibles
 c - 5 rations


   Skills:
 - Level 1.5 Dodging
 - Level 2.1 Stealth
 + Level 2.5 Spellcasting
 + Level 2.1 Conjurations
 + Level 3.5 Fire Magic


You had 6 spell levels left.
You knew the following spells:

 Your Spells              Type           Power        Failure   Level  Hunger
a - Flame Tongue          Conj/Fire      ##...        6%          1    #......


Dungeon Overview and Level Annotations

Branches:
Dungeon (2/15)

Altars:


Innate Abilities, Weirdness & Mutations

You are resistant to torment.
Your stone body is resilient. (AC +3)
You are immune to poison.
You resist negative energy. (rN+)
You are resistant to electric shocks. (rElec)
You can survive without breathing.
You are immune to petrification.
You are immune to rotting.


Message History

You are feeling hungry.
Casting: Flame Tongue
Confirm with . or Enter, or press ? or * to list all spells.
You can't see any susceptible monsters within range! (Use Z to cast anyway.)
Casting: Flame Tongue
Confirm with . or Enter, or press ? or * to list all spells.
You can't see any susceptible monsters within range! (Use Z to cast anyway.)
The giant cockroach waves its antennae.
Found a leather armour.
The giant cockroach bites you but does no damage.
You hit the giant cockroach.
You kill the giant cockroach!
You see here a giant cockroach corpse.
Are you sure you want to abandon this character and quit the game? (Confirm with "yes".)
Okay, then.
Saving game... please wait.
Welcome back, Limpidissima the Gargoyle Fire Elementalist.
Press ? for a list of commands and other information.
You see here a giant cockroach corpse.
Are you sure you want to abandon this character and quit the game? (Confirm with "yes".)

.........................
...(.....##...###.######
..............###.# #######
...###.##.#.#.#...# #[....#
#.............)...###.#####
#..########.#.#.......#
#..# #.#.#.#####.# ....
#[#.###...###### ##.##
#...@†........<# ...
#.###########..# #. #.
#.)##### # ####......#
#...s.###.## ##..........
#.#....#.## #.<..#.#
#.#.##...


There were no monsters in sight!

Vanquished Creatures
  An ooze (D:1)
  A dart slug (D:2)
  A leopard gecko (D:1)
  A giant cockroach (D:2)
  4 goblins
  3 hobgoblins
  2 jackals (D:1)
  3 kobolds
  6 bats
  2 frilled lizards (D:1)
  7 rats
31 creatures vanquished.

Notes
Turn   | Place    | Note
-------+----------+-------------------------------------------
     0 | D:1      | Limpidissima the Gargoyle Fire Elementalist began the quest for the Orb.
     0 | D:1      | Reached XP level 1. HP: 10/10 MP: 3/3
   275 | D:1      | Reached XP level 2. HP: 15/15 MP: 1/5
   831 | D:2      | Reached XP level 3. HP: 19/19 MP: 3/6
   968 | D:2      | Quit the game

Skill      XL: |  1  2  3 |
---------------+----------+-----
Conjurations   | 2 |  2.1
Dodging        | |  1.5
Stealth        | |  2.1
Spellcasting   | |  2.5
Fire Magic     | |  3.5

Action                   || total
-------------------------++-------
Melee: Hand axe          ||    41
 Cast: Flame Tongue      ||    28
 Stab: Sleeping          ||     1
Armor: Robe              ||    21
Dodge: Dodged            ||    38
